Map: Acolyte LE

Players

soul - Winner!

  • Race: Terran Terran
  • Spawn Location: 1:00

Jig

  • Race: Zerg Zerg
  • Spawn Location: 7:00

Event: WCS Montreal 2017

VOD

Have the link to the VOD?

Description

Time

  • Played on: Sept. 8, 2017, 6:55 p.m.
  • Length: 10:33

All games in this series

Show
View Real Time Build Order
Export as new Build Order

soul Terran - Winner!

Build Orders: Hellion Banshee, MMM Bio 

Get SALT Encoding   

  12  0:01  SCV  
  13  0:13  SCV  
  14  0:17  Supply Depot  
  14  0:25  SCV  
  15  0:39  Barracks, SCV  
  16  0:44  Refinery  
  16  0:51  SCV  
  17  1:03  SCV  
  18  1:15  SCV  
  19  1:26  Marine  
  19  1:27  Orbital Command  
  20  1:42  Command Center  
  20  1:52  Factory  
  20  1:57  SCV  
  21  2:02  Refinery  
  21  2:05  Barracks Reactor  
  21  2:09  SCV  
  21  2:14  Supply Depot  
  22  2:21  SCV  
  23  2:36  SCV  
  24  2:37  Starport  
  24  2:41  Marine x2, Widow Mine  
  28  2:49  SCV  
  29  2:53  Orbital Command  
  29  2:58  Marine  
  29  2:59  Marine  
  29  3:01  SCV  
  32  3:14  Medivac  
  32  3:16  SCV  
  35  3:22  Hellion  
  35  3:23  SCV, Hellion  
  35  3:25  Barracks Tech Lab  
  40  3:28  SCV  
  40  3:33  Supply Depot  
  41  3:35  SCV  
  41  3:40  Supply Depot, SCV  
  43  3:47  SCV  
  44  3:50  Hellion  
  44  3:55  SCV, Hellion, Cloaking Field  
  49  3:59  Banshee  
  49  4:01  SCV  
  54  4:10  Armory, SCV  
  54  4:13  Hellion  
  54  4:15  SCV  
  57  4:22  Hellion  
  57  4:24  SCV  
  60  4:27  SCV  
  61  4:32  Supply Depot  
  61  4:35  Supply Depot  
  61  4:36  SCV  
  62  4:45  SCV  
  62  4:53  Banshee  
  62  4:54  Hellion x2  
  62  4:55  Supply Depot  
  69  5:04  SCV  
  69  5:06  SCV  
  67  5:13  Command Center  
  67  5:15  Hellion  
  67  5:16  SCV  
  68  5:22  SCV, Hellion  
  71  5:28  SCV  
  71  5:34  SCV  
  67  5:36  Banshee  
  67  5:38  Hellion  
  67  5:40  SCV  
  69  5:44  Barracks Tech Lab  
  69  5:45  Barracks  
  69  5:46  Barracks, Engineering Bay  
  69  5:47  SCV, Engineering Bay  
  62  5:52  SCV  
  62  5:56  Hellion  
  65  6:00  SCV, Hellion  
  68  6:04  SCV  
  68  6:06  Stimpack  
  68  6:08  Refinery  
  68  6:10  Marine  
  70  6:12  SCV  
  70  6:17  SCV  
  72  6:21  Hellion x2  
  72  6:23  Banshee  
  72  6:24  SCV  
  80  6:26  Terran Infantry Armor Level 1, Terran Infantry Weapons Level 1  
  80  6:27  Orbital Command  
  78  6:42  SCV, Hellion x2  
  74  6:54  SCV  
  72  6:57  SCV  
  72  6:58  SCV  
  73  7:04  Hellion x2  
  74  7:16  Barracks Reactor  
  74  7:18  Hellion x2  
  74  7:21  SCV  
  75  7:23  Orbital Command, SCV  
  75  7:31  Barracks Reactor  
  75  7:33  SCV  
  75  7:35  SCV  
  75  7:36  Starport Reactor  
  77  7:37  Barracks  
  77  7:39  Barracks, Factory Reactor  
  77  7:41  Supply Depot, Marine  
  78  7:48  Refinery  
  78  7:50  SCV  
  73  7:52  Marine  
  73  7:53  Marine  
  73  7:54  SCV  
  73  7:57  SCV  
  77  7:59  Marine  
  77  8:02  SCV  
  79  8:07  Marine x2  
  79  8:09  Combat Shields  
  79  8:10  Marine  
  79  8:11  SCV  
  79  8:12  SCV  
  84  8:13  Marine  
  84  8:16  Marine  
  84  8:18  Supply Depot  
  84  8:19  Supply Depot  
  81  8:24  Medivac x2, Marine  
  81  8:25  Marine  
  81  8:26  SCV  
  83  8:27  Barracks Reactor, Widow Mine x2  
  83  8:28  Marine x2  
  83  8:29  Marine  
  83  8:30  Marine, SCV  
  83  8:31  SCV  
  92  8:34  Marine  
  92  8:38  SCV  
  92  8:40  Supply Depot  
  94  8:42  Supply Depot, Marine, SCV  
  94  8:43  Supply Depot, Marine  
  94  8:46  Marine x2  
  94  8:47  Marine  
  85  8:48  Marine  
  85  8:52  Marine  
  85  8:54  Medivac  
  81  9:00  Marine x2  
  81  9:02  SCV  
  77  9:04  Marine x3, SCV x2  
  77  9:06  Marine  
  83  9:12  Marine  
  83  9:14  SCV  
  83  9:16  SCV x2  
  87  9:17  Marine x2  
  87  9:20  Supply Depot, Marine  
  87  9:23  Widow Mine  
  92  9:26  Marine, SCV  
  92  9:27  Concussive Shells  
  92  9:28  Marine, SCV  
  92  9:30  Marine x2  
  91  9:34  SCV  
  92  9:38  SCV  
  92  9:39  Marine  
  92  9:40  SCV  
  95  9:49  Marine  
  95  9:51  Marine  
  97  9:58  Marine  
  97  9:59  Widow Mine  
  98  10:03  SCV x2  
  98  10:06  Marine  
  104  10:07  SCV  
  104  10:10  Marine  
  104  10:11  Marine  
  104  10:13  Marine  
  107  10:14  Unknown x2  
  107  10:15  SCV  
Show
View Real Time Build Order
Export as new Build Order

Jig Zerg 

Build Orders: Hatch First 

Get SALT Encoding   

  12  0:00  Drone  
  13  0:12  Overlord  
  13  0:16  Drone  
  14  0:31  Drone x2  
  14  0:34  Drone  
  17  0:51  Hatchery  
  17  0:54  Drone  
  17  0:57  Drone  
  18  1:07  Extractor  
  17  1:12  Spawning Pool  
  17  1:14  Drone  
  17  1:18  Drone  
  18  1:28  Drone  
  19  1:38  Overlord  
  19  1:49  Drone  
  20  1:58  Queen  
  20  2:00  Zergling x2  
  23  2:03  Queen, Zergling x2  
  23  2:07  Metabolic Boost  
  26  2:10  Drone  
  26  2:14  Drone  
  28  2:23  Drone  
  28  2:27  Drone  
  30  2:34  Hatchery  
  29  2:42  Queen  
  31  2:47  Overlord  
  31  2:49  Drone  
  32  2:52  Drone  
  32  2:54  Drone  
  32  2:57  Drone  
  35  2:59  Drone  
  36  3:07  Drone x2  
  36  3:08  Drone x2  
  40  3:12  Overlord  
  40  3:15  Drone  
  41  3:20  Drone x2  
  43  3:27  Drone  
  43  3:31  Overlord  
  44  3:34  Drone  
  44  3:35  Extractor, Drone  
  44  3:40  Drone x3  
  48  3:47  Drone x4  
  52  3:53  Queen  
  54  4:04  Zergling x6, Evolution Chamber  
  54  4:05  Zergling x2  
  57  4:10  Zergling x8  
  57  4:15  Spore Crawler  
  57  4:16  Zergling x8  
  62  4:21  Zergling x6  
  63  4:32  Spore Crawler  
  62  4:38  Zerg Melee Weapons Level 1  
  62  4:39  Baneling Nest  
  62  4:41  Overlord  
  61  4:50  Drone x5  
  61  4:51  Overlord  
  66  4:55  Evolution Chamber  
  57  5:04  Zergling x10  
  59  5:08  Zergling x6  
  59  5:09  Zergling x6  
  64  5:17  Zergling x6  
  64  5:18  Queen  
  67  5:23  Zerg Ground Armor Level 1  
  63  5:31  Zergling x2  
  63  5:32  Zergling x4  
  60  5:36  Zergling x4  
  59  5:48  Zergling x8  
  55  5:50  Spore Crawler  
  55  5:53  Zergling x2  
  55  5:54  Zergling x6  
  55  5:55  Zergling x4  
  55  6:01  Drone x3  
  58  6:12  Baneling x4  
  58  6:13  Baneling x5  
  58  6:14  Zergling x6  
  61  6:18  Zergling x2  
  61  6:21  Zergling x2  
  61  6:22  Zergling x2  
  61  6:23  Zergling x2  
  61  6:24  Zergling x4  
  57  6:45  Zergling x8  
  57  6:52  Zergling x4  
  57  6:53  Zergling x8  
  55  7:02  Zergling x4  
  57  7:11  Zergling x4  
  54  7:15  Lair  
  54  7:22  Pneumatized Carapace  
  51  7:23  Zergling x8  
  51  7:24  Zergling x8  
  51  7:28  Hatchery  
  58  7:34  Overlord  
  58  7:35  Drone  
  58  7:38  Spore Crawler  
  58  7:39  Spore Crawler  
  58  7:43  Spore Crawler  
  51  7:52  Zergling x16  
  51  7:53  Baneling x3  
  51  7:54  Baneling  
  59  8:00  Baneling  
  59  8:01  Baneling x5  
  59  8:03  Zergling x2  
  57  8:21  Overlord  
  57  8:24  Drone x4  
  60  8:33  Overseer  
  58  8:37  Drone  
  58  8:38  Drone x2  
  56  8:47  Overlord  
  54  8:51  Hatchery  
  43  9:09  Overseer  
  43  9:10  Zergling x2  
  43  9:11  Zergling x10  
  43  9:13  Baneling x3  
  43  9:14  Baneling  
  43  9:15  Baneling x3  
  49  9:31  Zergling x10  
  52  9:40  Baneling x7  
  52  9:43  Drone  
  53  9:48  Drone x2  
  55  10:01  Zergling x12  
  55  10:06  Zergling x4  
Tags
 
Add a new tag
Caveats
  • Supply blocks, unpowered buildings, or Contaminate may cause inaccurate times.
  • Supply counts are checked every 10 seconds.